Description

ddd

Build Order

Get SALT Encoding   

  14  0:20  Pylon  
  14  0:24  Probe  
  15  0:37  Probe (Chrono Boost)  
  16  0:42  Gateway  
  16  0:48  Probe x2 (Chrono Boost)  
  17  0:52  Assimilator  
  18  1:03  Probe  
  19  1:15  Probe  
  20  1:29  Cybernetics Core  
  20  1:38  Nexus  
  20  1:39  Probe  
  21  1:43  Assimilator  
  21  1:49  Probe  
  21  1:51  Pylon  
  23  2:13  Adept (Chrono Boost)  
  25  2:18  Stargate  
  26  2:28  Warp Gate  
  33  3:03  Void Ray (Chrono Boost)  
  37  3:11  Gateway  
  40  3:29  Pylon  
  41  3:34  Oracle  
  48  4:07  Void Ray  
  51  4:10  Pylon  
  52  4:13  Nexus  
  52  4:17  Adept (Chrono Boost)  
  54  4:24  Assimilator x2  
  54  4:27  Stargate  
Spawning Tool Build Advisor. Get it on Overwolf

Go to:

Details

  • Created by: hannahrose
  • Published on: Sep 29, 2021
  • Modified on: Sep 29, 2021
  • Patch: 4.11.0
  • Difficulty: Easy
Show
View Real Time Build Order
Export as new Build Order

Comments (0)

There are no comments. Be the first!

Create an account to comment!